 Dungeon Crawl Stone Soup version 0.22-a0-447-gee5f723 (webtiles) character file.

99312 xccam the Martial Artist (level 15, -5/132 HPs)
             Began as a Purple Draconian Transmuter on June 3, 2018.
             Was a High Priest of Qazlal.
             Shot with a bolt by a yaktaur (37 damage)
             ... on level 15 of the Dungeon.
             The game lasted 01:47:12 (30441 turns).

xccam the Martial Artist (DrTm)                    Turns: 30441, Time: 01:47:13

Health: -5/132     AC: 14    Str: 18    XL:     15   Next: 77%
Magic:  25/28      EV: 25    Int: 22    God:    Qazlal [*****.]
Gold:   536        SH:  7    Dex: 16    Spells: 8/32 levels left

rFire    + + .     SeeInvis +     - Unarmed
rCold    + + .     Gourm    .   (shield currently unavailable)
rNeg     . . .     Faith    .   (armour unavailable)
rPois    .         Spirit   .   (helmet restricted)
rElec    .         Reflect  .   S - scarf {rC+ rF+}
rCorr    +         Harm     .   (gloves currently unavailable)
MR       ++++.                  Q - +1 pair of boots of the Snail {rCorr}
Stlth    +.........             E - amulet of the acrobat
HPRegen  0.32/turn              R - ring of Caomn {rF+ Int+3 Dex-5 Slay+3 SInv}
MPRegen  0.21/turn              x - ring "Zefutru" {Wiz *Slow rC+ MR++ Int+4}

@: mighty, agile, blade hands, protected from physical damage, repel missiles
A: breathe power, unfitting armour, cold-blooded, AC +9
a: Breathe Dispelling Energy, End Transformation, Upheaval, Elemental Force,
Disaster Area, Renounce Religion


You were on level 15 of the Dungeon.
You worshipped Qazlal.
Qazlal was extremely pleased with you.
You were not hungry.
You had blades for hands.
You visited 4 branches of the dungeon, and saw 24 of its levels.
You also visited: Volcano.

You collected 2449 gold pieces.
You spent 1913 gold pieces at shops.

Inventory:

Missiles
 a - 281 arrows
Armour
 p - a +2 pair of boots
 q - a +2 cloak
 y - a +2 pair of gloves (melded)
 O - a +1 large shield
 Q - the +1 pair of boots of the Snail (worn) {rCorr}
   (You bought it in a shop on level 2 of the Orcish Mines)

   It protects you from acid and corrosion.
 S - a scarf of resistance (worn)
 V - a +0 shield
Jewellery
 d - an uncursed ring of see invisible
 g - an uncursed ring of positive energy
 m - an uncursed ring of magical power
 o - an uncursed ring of protection from cold
 s - an uncursed ring of magical power
 x - the ring "Zefutru" (right scythe-like blade) {Wiz *Slow rC+ MR++ Int+4}
   (You acquired it on level 10 of the Dungeon)

   [ring of wizardry]

   It improves your spell success rate.
   It affects your intelligence (+4).
   It protects you from cold.
   It affects your resistance to hostile enchantments.
   It may slow you when you take damage.
 B - an uncursed amulet of guardian spirit
 E - an amulet of the acrobat (around neck)
 I - an uncursed ring of magical power
 R - the ring of Caomn (left scythe-like blade) {rF+ Int+3 Dex-5 Slay+3 SInv}
   (You bought it in a shop on level 1 of the Orcish Mines)

   [ring of protection from fire]

   It affects your intelligence (+3).
   It affects your dexterity (-5).
   It affects your accuracy and damage with ranged weapons and melee attacks
   (+3).
   It protects you from fire.
   It lets you see invisible.
Wands
 e - a wand of acid (8)
 C - a wand of flame (20)
 G - a wand of polymorph (9)
 J - a wand of enslavement (16)
 P - a wand of iceblast (9)
Scrolls
 b - 14 scrolls of remove curse
 k - 3 scrolls of immolation
 l - 5 scrolls of amnesia
 n - a scroll of enchant weapon
 u - 5 scrolls of fog
 v - 2 scrolls of magic mapping
 D - 10 scrolls of identify
 K - 7 scrolls of teleportation
 N - a scroll of holy word
 U - 2 scrolls of enchant armour
 X - a scroll of vulnerability {unknown}
 Z - a scroll of fear
Potions
 f - a potion of lignification
 h - a potion of ambrosia
 i - 3 potions of berserk rage
 j - 6 potions of brilliance
 r - 4 potions of agility
 t - 3 potions of haste
 w - a potion of invisibility
 z - 2 potions of flight
 A - 11 potions of curing
 F - 2 potions of cancellation
 H - 2 potions of mutation
 L - 2 potions of might
 M - a potion of magic
 W - a potion of resistance
Comestibles
 c - 19 rations


   Skills:
 + Level 11.9 Fighting
 + Level 10.5 Dodging
 + Level 2.9 Shields
 + Level 13.4 Unarmed Combat
 - Level 9.0 Spellcasting
 + Level 2.8 Charms
 + Level 3.0 Summonings
 + Level 1.1 Necromancy
 + Level 1.9 Translocations
 + Level 11.3 Transmutations
 - Level 8.2 Ice Magic
 + Level 12.5 Invocations


You had 8 spell levels left.
You knew the following spells:

 Your Spells              Type           Power        Failure   Level  Hunger
a - Beastly Appendage     Tmut           ######       2%          1    None
b - Sticks to Snakes      Tmut           ######..     2%          2    None
c - Blade Hands           Tmut           ######....   9%          5    #####..
d - Ice Form              Ice/Tmut       ######..     7%          4    ##.....
e - Spider Form           Tmut/Pois      ####......   9%          3    None
f - Aura of Abjuration    Summ           ###.......   52%         5    #####..
g - Regeneration          Chrm/Necr      ###.......   19%         3    None
h - Apportation           Tloc           ###...       11%         1    None

Your spell library contained the following spells:

 Spells                   Type           Power        Failure   Level  Hunger
 Summon Small Mammal      Summ           ###.         9%          1    None
 Animate Skeleton         Necr           N/A          12%         1    None
 Summon Ice Beast         Ice/Summ       ####....     16%         4    ##.....
 Call Imp                 Summ           ###.....     11%         2    None
 Summon Demon             Summ           ###.......   52%         5    #####..
 Recall                   Summ/Tloc      N/A          17%         3    None
 Shadow Creatures         Summ           N/A          92%         6    ######.
 Confusing Touch          Hex            #.....       16%         1    None
 Call Canine Familiar     Summ           ###.....     16%         3    None
 Shroud of Golubria       Chrm/Tloc      ###.......   12%         2    None
 Infusion                 Chrm           ###.         9%          1    None
 Song of Slaying          Chrm           ###.....     11%         2    None
 Spectral Weapon          Hex/Chrm       ###.....     21%         3    None
 Summon Forest            Summ/Tloc      ###.......   58%         5    #####..
 Summon Lightning Spire   Summ/Air       ###.....     43%         4    ##.....
 Summon Guardian Golem    Hex/Summ       ###.....     21%         3    None
 Summon Mana Viper        Hex/Summ       ###.....     69%         5    #####..


Dungeon Overview and Level Annotations

Branches:
Dungeon (15/15)            Temple (1/1) D:6            Lair (6/6) D:9
  Swamp (0/4) Lair:4       Spider (0/4) Lair:4        Slime (0/5) Lair:5
    Orc (2/2) D:9             Elf (0/3) Orc:2        Vaults (0/5) D:13
 Depths (0/5) D:15

Altars:
Cheibriados
Dithmenos
Fedhas
Hepliaklqana
Kikubaaqudgha
Makhleb
Qazlal
Trog
Vehumet
Xom
Yredelemnul
Zin
Beogh
Jiyva

Shops:
D:7 *   D:14 ?   Orc:1 =   Orc:2 ?![}

Annotations:
Lair:5 exclusion: 4 oklob plants


Innate Abilities, Weirdness & Mutations

You can breathe bolts of dispelling energy.
Your rich purple scales are hard. (AC +9)
You cannot fit into any form of body armour.
You are cold-blooded and may be slowed by cold attacks.


Message History

You slice the centaur warrior!!
The centaur warrior is almost dead.
The centaur warrior hits you.
The frost giant hits you with a battleaxe of freezing!!!
* * * LOW HITPOINT WARNING * * *
The frost giant freezes you.
* * * LOW HITPOINT WARNING * * *
The yaktaur shoots a bolt.
The bolt hits you!
* * * LOW HITPOINT WARNING * * *
Okay, then.
You feel much better. The centaur warrior hits you.
* * * LOW HITPOINT WARNING * * *
You block the frost giant's attack. You block the centaur warrior's attack.
Unknown command.
You feel agile all of a sudden. You block the centaur warrior's attack.
You feel very mighty all of a sudden. The centaur warrior closely misses you.
The frost giant misses you.
The yaktaur shoots a bolt.
The bolt hits you!!!
You die...

##..## ##.## #.# #.#
#.# #.## #...
############ #.##
#...c@.(.≈≈# #.#
#+###§C≈#(≈# #.#
#§.....### #.#
>.'..≈##.(.######.#
...#......#........##
+###≈≈≈#.≈########...
..c...≈≈# ####
##########


You could see a frost giant, a centaur warrior and a yaktaur.

Vanquished Creatures
  Frances (D:14)
  Agnes (D:14)
  A stone giant (Orc:2)
  Josephine (D:10)
  Erolcha (D:11)
  The ghost of incide the Thaumaturge, a journeyman GnSk of Sif Muna (Lair:1)
  8 vault guards (D:13)
  4 catoblepae
  7 hydras
  2 two-headed ogres
  2 ogre magi (Orc:2)
  An orc high priest (D:12)
  2 tengu warriors (D:15)
  9 death yaks
  A fire crab (Volcano)
  3 unseen horrors
  2 lindwurms
  7 deep elf magi (Orc:1)
  2 orc knights (Orc:2)
  2 oklob plants
  4 cyclopes
  A wolf spider zombie (D:15)
  10 orc sorcerers
  3 manticores
  23 elephants
  5 black mambas
  A black mamba (shapeshifter) (D:14)
  A centaur zombie (D:11)
  Psyche (D:11)
  A gargoyle (D:11)
  9 spiny frogs
  A molten gargoyle (Volcano)
  3 rime drakes
  8 komodo dragons
  A tengu conjurer (D:13)
  6 trolls
  2 polar bears
  A polar bear (shapeshifter) (D:15)
  A hornet (D:13)
  14 blink frogs
  2 bog bodies (Lair:4)
  5 slime creatures (D:13)
  12 hippogriffs
  2 shadows
  A vampire (D:12)
  3 basilisks
  53 yaks
  5 wraiths
  9 fire bats (Volcano)
  5 wyverns
  Grum (D:10)
  A steam dragon (Volcano)
  5 vampire mosquitoes
  2 soldier ants
  2 swamp worms (Lair:4)
  3 wargs
  11 water moccasins
  13 porcupines
  2 hell hounds (Volcano)
  4 sky beasts
  14 orc warriors
  6 ice beasts
  2 slaves (D:8)
  An eye of draining (D:12)
  12 ogres
  2 phantoms
  8 wolves
  11 centaurs
  8 crocodiles
  2 big kobolds
  20 bullfrogs
  5 scorpions
  A water moccasin skeleton (D:9)
  56 killer bees
  The ghost of xccam the Changer, a weakling DrTm (D:3)
  6 wights
  An electric eel (Lair:4)
  7 crimson imps
  5 lava snakes (Volcano)
  3 quasits
  3 bullfrog zombies
  8 jellies
  3 orc priests
  6 hounds
  A bullfrog skeleton (D:7)
  9 centaur skeletons
  Ijyb (D:3)
  5 iguanas
  32 orc wizards
  5 worker ants
  6 hell rats (Lair:5)
  A statue (D:7)
  A bullfrog simulacrum (D:9)
  A hound zombie (D:6)
  A hound skeleton (D:4)
  A worker ant zombie (D:5)
  8 adders
  A shadow imp (D:10)
  A white imp (D:8)
  7 oozes
  A worm (D:4)
  An adder simulacrum (D:9)
  3 leopard geckos
  78 orcs
  A ball python (D:1)
  5 giant cockroaches
  4 goblins
  6 hobgoblins
  16 jackals
  10 kobolds
  3 quokkas
  6 bats
  4 frilled lizards (D:2)
  A quokka skeleton (D:6)
  8 rats
  4 bushes
  A butterfly (Lair:1)
  A fungus (Lair:3)
  15 plants
735 creatures vanquished.

Vanquished Creatures (collateral kills)
  2 two-headed ogres (D:8)
  Pikel (D:8)
  An orc warrior (D:7)
  An orc (D:9)
  A quokka skeleton (D:8)
6 creatures vanquished.

Vanquished Creatures (others)
  A deep elf mage (Orc:1)
  A hell hound (Volcano)
  2 slaves (D:9)
  An orc (D:3)
  14 fungi
  13 plants
  10 toadstools (Lair:6)
42 creatures vanquished.

Grand Total: 783 creatures vanquished

Notes
Turn   | Place    | Note
-------+----------+-------------------------------------------
     0 | D:1      | xccam the Draconian Transmuter began the quest for the Orb.
     0 | D:1      | Reached XP level 1. HP: 16/16 MP: 3/3
   411 | D:1      | Reached XP level 2. HP: 17/23 MP: 5/5
   416 | D:1      | Learned a level 2 spell: Sticks to Snakes
   873 | D:1      | Reached XP level 3. HP: 24/29 MP: 6/6
  1811 | D:3      | Reached XP level 4. HP: 21/36 MP: 7/7
  2045 | D:3      | Noticed xccam's ghost (weakling DrTm)
  2059 | D:3      | Killed xccam's ghost
  2242 | D:3      | Noticed Ijyb
  2262 | D:3      | Killed Ijyb
  2262 | D:3      | Reached XP level 5. HP: 9/42 MP: 4/9
  2948 | D:4      | Noticed a phantom
  3313 | D:4      | Reached skill level 4 in Unarmed Combat
  3343 | D:3      | Killed a phantom
  3343 | D:3      | Reached XP level 6. HP: 11/51 MP: 10/10
  4447 | D:5      | Entered Level 5 of the Dungeon
  4476 | D:5      | Your scales start taking on a rich purple colour.
  4476 | D:5      | Reached XP level 7. HP: 49/58 MP: 13/13
  6037 | D:6      | Found a staircase to the Ecumenical Temple.
  6093 | Temple   | Entered the Ecumenical Temple
  6104 | Temple   | Became a worshipper of Qazlal Stormbringer
  6203 | D:6      | Reached skill level 5 in Unarmed Combat
  6203 | D:6      | Reached skill level 5 in Spellcasting
  6527 | D:6      | Reached XP level 8. HP: 67/67 MP: 15/15
  6682 | D:7      | Found a bloodstained altar of Trog.
  7059 | D:7      | Reached skill level 5 in Fighting
  7193 | D:7      | Reached skill level 5 in Transmutations
  7219 | D:7      | Found Tawi's General Store.
  7224 | D:7      | Bought a scroll of identify for 24 gold pieces
  7224 | D:7      | Bought a potion of might for 48 gold pieces
  7325 | D:7      | Found a radiant altar of Vehumet.
  7665 | D:8      | Noticed a two-headed ogre
  8373 | D:8      | Noticed a hippogriff
  8400 | D:8      | Killed a hippogriff
  8400 | D:8      | Reached skill level 5 in Dodging
  8400 | D:8      | Reached skill level 6 in Unarmed Combat
  8400 | D:8      | Reached XP level 9. HP: 62/75 MP: 18/18
  8553 | D:8      | Reached * piety under Qazlal
  8605 | D:8      | Killed a two-headed ogre
  9148 | D:9      | Found a staircase to the Orcish Mines.
  9323 | D:9      | Noticed a two-headed ogre
  9348 | D:9      | Noticed a death yak
  9658 | D:8      | Killed a two-headed ogre
  9658 | D:8      | Reached skill level 7 in Unarmed Combat
  9861 | D:8      | Killed a death yak
  9861 | D:8      | Reached XP level 10. HP: 47/86 MP: 11/21
 10218 | D:9      | Noticed a two-headed ogre
 10285 | D:9      | Reached skill level 1 in Invocations
 10861 | D:9      | Noticed a death yak
 10861 | D:9      | Noticed a death yak
 10884 | D:8      | Killed a two-headed ogre
 10891 | D:8      | Reached skill level 8 in Unarmed Combat
 11076 | D:9      | Noticed Pikel
 11119 | D:8      | Killed Pikel
 11611 | D:9      | Reached ** piety under Qazlal
 11670 | D:9      | Found a staircase to the Lair.
 12376 | D:8      | Killed a death yak
 12385 | D:8      | Learned a level 5 spell: Blade Hands
 12389 | D:9      | Reached skill level 5 in Invocations
 12393 | D:9      | Reached skill level 9 in Unarmed Combat
 12643 | D:8      | Killed a death yak
 12643 | D:8      | Reached XP level 11. HP: 54/92 MP: 22/23
 12867 | D:10     | Entered Level 10 of the Dungeon
 13342 | D:10     | Noticed Grum
 13348 | D:10     | Noticed an unseen horror
 13360 | D:10     | Killed Grum
 13373 | D:10     | Killed an unseen horror
 13501 | D:10     | Reached *** piety under Qazlal
 13537 | D:10     | Noticed Josephine
 13542 | D:10     | Killed Josephine
 13714 | D:10     | Identified a scroll of acquirement
 13716 | D:10     | Got a bound lead ring
 13717 | D:10     | Identified the ring "Zefutru" {Wiz *Slow rC+ MR++ Int+4} (You acquired it on level 10 of the Dungeon)
 13725 | D:10     | Learned a level 4 spell: Ice Form
 13729 | D:10     | Learned a level 3 spell: Spider Form
 13923 | D:11     | Reached skill level 10 in Unarmed Combat
 13952 | D:11     | Noticed Psyche
 13958 | D:11     | Killed Psyche
 14033 | D:11     | Noticed Erolcha
 14041 | D:11     | Killed Erolcha
 14480 | D:11     | Reached XP level 12. HP: 101/102 MP: 25/25
 14573 | D:11     | Found a hazy altar of Hepliaklqana.
 14845 | Lair:1   | Entered Level 1 of the Lair of Beasts
 14859 | Lair:1   | Noticed a four-headed hydra
 14868 | Lair:1   | Killed a four-headed hydra
 15120 | Lair:1   | Reached **** piety under Qazlal
 15193 | Lair:1   | Noticed incide's ghost (journeyman GnSk)
 15207 | Lair:1   | Killed incide's ghost
 16390 | Lair:2   | Reached skill level 11 in Unarmed Combat
 17872 | Lair:3   | Reached ***** piety under Qazlal
 18271 | Lair:3   | Noticed a five-headed hydra
 18287 | Lair:3   | Killed a five-headed hydra
 18287 | Lair:3   | Reached XP level 13. HP: 75/112 MP: 23/26
 18559 | Lair:3   | Reached skill level 10 in Invocations
 18922 | Lair:3   | Reached skill level 1 in Ice Magic
 19020 | Lair:3   | Found a snail-covered altar of Cheibriados.
 19867 | Lair:4   | Found a staircase to the Swamp.
 19869 | Lair:4   | Reached skill level 12 in Unarmed Combat
 19914 | Lair:4   | Found a hole to the Spider Nest.
 21018 | Lair:5   | Found a viscous altar of Jiyva.
 21019 | Lair:5   | Found a staircase to the Slime Pits.
 21024 | Lair:5   | Reached skill level 5 in Ice Magic
 21985 | Lair:6   | Entered Level 6 of the Lair of Beasts
 22004 | Lair:5   | Reached skill level 10 in Fighting
 22388 | Lair:6   | Reached XP level 14. HP: 44/121 MP: 27/27
 22389 | Lair:6   | Reached skill level 10 in Transmutations
 23620 | Lair:6   | Found a blossoming altar of Fedhas.
 24140 | Orc:1    | Entered Level 1 of the Orcish Mines
 24140 | Orc:1    | Found Emeuzomm's Jewellery Shop.
 24491 | Orc:1    | Bought the ring of Caomn {rF+ Int+3 Dex-5 Slay+3 SInv} for 535 gold pieces
 24803 | Orc:2    | Entered Level 2 of the Orcish Mines
 24807 | Orc:2    | Noticed a stone giant
 25124 | Orc:2    | Found a staircase to the Elven Halls.
 25340 | Orc:2    | Killed a stone giant
 25478 | Orc:2    | Found a dark tunnel.
 25487 | Volcano  | Entered a volcano
 25671 | Volcano  | Reached skill level 13 in Unarmed Combat
 25699 | Volcano  | Found a radiant altar of Vehumet.
 26092 | Orc:2    | Reached skill level 10 in Dodging
 26103 | Orc:2    | Reached XP level 15. HP: 129/130 MP: 23/28
 26230 | Orc:2    | Found Lesaykh's Magic Scroll Boutique.
 26302 | Orc:2    | Bought a scroll of teleportation for 36 gold pieces
 26302 | Orc:2    | Bought a scroll of teleportation for 36 gold pieces
 26302 | Orc:2    | Bought a scroll of identify for 24 gold pieces
 26313 | Orc:2    | Found Deuxke's Distillery.
 26320 | Orc:2    | Bought a potion of might for 56 gold pieces
 26320 | Orc:2    | Bought a potion of agility for 56 gold pieces
 26320 | Orc:2    | Bought a potion of mutation for 112 gold pieces
 26320 | Orc:2    | Bought a potion of haste for 140 gold pieces
 26320 | Orc:2    | Bought a potion of berserk rage for 70 gold pieces
 26320 | Orc:2    | Bought a potion of curing for 42 gold pieces
 26320 | Orc:2    | Bought 2 potions of agility for 112 gold pieces
 26334 | Orc:2    | Found an ancient bone altar of Kikubaaqudgha.
 26377 | Orc:2    | Found Soehyco's Antique Armour Shop.
 26418 | Orc:2    | Reached ****** piety under Qazlal
 26422 | Orc:2    | Found a radiant altar of Vehumet.
 26481 | Orc:2    | Found a roughly hewn altar of Beogh.
 26490 | Orc:2    | Found Xuthrauk's Gadget Boutique.
 26534 | Orc:2    | Learned a level 5 spell: Aura of Abjuration
 26551 | Orc:2    | Bought a pair of pitted boots for 313 gold pieces
 26551 | Orc:2    | Bought an embroidered scarf for 264 gold pieces
 26562 | Orc:2    | Identified the +1 pair of boots of the Snail {rCorr} (You bought it in a shop on level 2 of the Orcish Mines)
 26891 | D:12     | Found a runed door.
 27426 | D:12     | Reached skill level 1 in Summonings
 27436 | D:12     | Reached skill level 1 in Shields
 27448 | D:12     | Found a roughly hewn altar of Beogh.
 27462 | D:12     | Learned a level 3 spell: Regeneration
 27716 | D:13     | Reached skill level 1 in Charms
 28101 | D:13     | Found a gate to the Vaults.
 28178 | D:13     | Learned a level 1 spell: Apportation
 28980 | D:14     | Noticed Agnes
 28993 | D:14     | Killed Agnes
 28993 | D:14     | Reached skill level 1 in Translocations
 29265 | D:14     | Noticed Frances
 29277 | D:14     | Killed Frances
 29317 | D:14     | Found Usyrebyi's Magic Scroll Shoppe.
 29343 | D:14     | Bought a scroll of teleportation for 45 gold pieces
 29637 | D:15     | Entered Level 15 of the Dungeon
 30079 | D:15     | Reached skill level 1 in Necromancy
 30431 | D:15     | Noticed a frost giant
 30431 | D:15     | Found a staircase to the Depths.
 30441 | D:15     | Shot with a bolt by a yaktaur

Vault maps used:
D:1:      erik_arrival_gehennom, hangedman_decor_peaks_small,
          grunt_decor_clamped
D:2:      first_ration
D:3:      hangedman_decor_slide_cut, uniq_ijyb
D:6:      cheibrodos_quashed, minmay_temple_entry_statues_pillars,
          dk_noncrumbling_2, nicolae_benzene_ring
D:7:      vehumet_statue, serial_shops, shop_fountains, basic_altar
D:9:      dpeg_lair_monsters, orc_0_dummy, serial_ice, serial_ice_o,
          serial_ice_a, serial_ice_g, serial_ice_e,
          hangedman_little_slice_of_home, uniq_pikel
D:10:     uniq_grum, uniq_josephine
D:11:     basic_altar, uniq_erolcha, uniq_psyche
D:12:     lightli_church_of_beogh
D:13:     erik_vaults_2
D:14:     serial_shops, shop_coins, kennysheep_pointless_box, st_stairs_9,
          uniq_agnes, uniq_frances
D:15:     grunt_enter_depths_snipers
Temple:   nicolae_temple_the_god_donut
Lair:1:   lemuel_fruit_fields
Lair:2:   wad_woods_minihive, minmay_lair_oklob_bushes
Lair:3:   basic_altar, grunt_megastairs_4
Lair:4:   nicolae_swamp_entry_splash_gauntlet, spider_nest_entry_web_field
Lair:5:   slime_altar_1, minmay_lair_oklob_chamber
Lair:6:   evilmike_catoblepas_cave, tgw_fedhas, grunt_megastairs_2
Orc:1:    serial_shops, shop, elves_outpost_lemuel
Orc:2:    kennysheep_orc_mage_school, nicolae_volcano_entry_vermiform
Volcano:  volcano_grotto

Skill      XL: |  1  2  3  4  5  6  7  8  9 10 11 12 13 14 15 |
---------------+----------------------------------------------+-----
Dodging        | 2 3 4 5 7 9 10 | 10.5
Fighting       | 2 3 4 5 7 8 9 10 11 | 11.9
Transmutations | 3 4 5 7 8 9 10 11 | 11.3
Spellcasting   | 3 4 5 6 7 8 9 |  9.0
Unarmed Combat | 4 5 6 7 9 10 11 12 13 | 13.4
Invocations    | 5 7 9 11 12 | 12.5
Ice Magic      | 5 8 |  8.2
Summonings     | 3 |  3.0
Shields        | 2 |  2.9
Charms         | 2 |  2.8
Translocations | 1 |  1.9
Necromancy     | 1 |  1.1

Action                   |  1- 3 |  4- 6 |  7- 9 | 10-12 | 13-15 || total
-------------------------+-------+-------+-------+-------+-------++-------
Melee: Unarmed           |   140 |   180 |   512 |   868 |  1161 ||  2861
       Tailslap          |    14 |    29 |    61 |   112 |   161 ||   377
       Kick              |     2 |       |       |       |       ||     2
       Punch             |     1 |     1 |    14 |    41 |    70 ||   127
       Headbutt          |       |    14 |    13 |    24 |       ||    51
 Cast: Beastly Appendage |     2 |     8 |     6 |     9 |       ||    25
       Sticks to Snakes  |       |     5 |    44 |    11 |       ||    60
       Blade Hands       |       |       |       |    25 |    59 ||    84
       Ice Form          |       |       |       |     4 |     5 ||     9
       Spider Form       |       |       |       |       |     1 ||     1
       Regeneration      |       |       |       |       |     1 ||     1
Invok: Upheaval          |       |       |       |       |    12 ||    12
       Disaster Area     |       |       |       |       |     4 ||     4
 Abil: Breathe Dispellin |       |       |     7 |     1 |     4 ||    12
Evoke: Wand              |       |     3 |     9 |       |     4 ||    16
  Use: Scroll            |       |     7 |    21 |    13 |    12 ||    53
       Potion            |       |     6 |     1 |     3 |     9 ||    19
 Stab: Sleeping          |     5 |       |     4 |       |       ||     9
       Fleeing           |       |       |       |       |     1 ||     1
  Eat: Chunk             |     3 |     4 |    12 |    19 |    29 ||    67
       Ration            |       |     1 |     3 |     4 |     7 ||    15
Armor: Skin              |    47 |    48 |   174 |   270 |   209 ||   748
Dodge: Dodged            |    96 |    94 |   344 |   641 |   654 ||  1829
       Deflected         |       |       |       |     3 |    13 ||    16
Block: Other             |       |       |     4 |   137 |   266 ||   407
       Large shield      |       |       |       |       |    26 ||    26
       Shield            |       |       |       |       |    17 ||    17

Table legend:
 A = Spawn XP
 B = Non-spawn XP
 C = Spawn XP percentage of total XP
 D = Spawn monster count
 E = Non-spawn monster count
 F = Spawn count percentage of total count
 G = Total turns spent on level
                    A         B        C        D         E        F      G
               +---------+---------+-------+---------+---------+-------+---------
         Total |       0 |  141875 |   0.0 |       0 |     720 |   0.0 | 30441
               +---------+---------+-------+---------+---------+-------+---------
           D:1 |       0 |      42 |   0.0 |       0 |      20 |   0.0 |   947
           D:2 |       0 |      34 |   0.0 |       0 |      15 |   0.0 |   805
           D:3 |       0 |     266 |   0.0 |       0 |      19 |   0.0 |  1545
           D:4 |       0 |     352 |   0.0 |       0 |      14 |   0.0 |  1150
           D:5 |       0 |     193 |   0.0 |       0 |       7 |   0.0 |   856
           D:6 |       0 |     656 |   0.0 |       0 |      13 |   0.0 |  1326
           D:7 |       0 |     677 |   0.0 |       0 |      26 |   0.0 |  1374
           D:8 |       0 |    6878 |   0.0 |       0 |      33 |   0.0 |  3108
           D:9 |       0 |    3294 |   0.0 |       0 |      42 |   0.0 |  2086
          D:10 |       0 |    5705 |   0.0 |       0 |      37 |   0.0 |   993
          D:11 |       0 |    4652 |   0.0 |       0 |      25 |   0.0 |   987
          D:12 |       0 |    5400 |   0.0 |       0 |      38 |   0.0 |   773
          D:13 |       0 |   13704 |   0.0 |       0 |      36 |   0.0 |  1340
          D:14 |       0 |    8066 |   0.0 |       0 |      23 |   0.0 |   772
          D:15 |       0 |    5740 |   0.0 |       0 |      14 |   0.0 |   804
        Lair:1 |       0 |    3366 |   0.0 |       0 |      10 |   0.0 |  1311
        Lair:2 |       0 |    9476 |   0.0 |       0 |      70 |   0.0 |  2057
        Lair:3 |       0 |   11459 |   0.0 |       0 |      44 |   0.0 |  1582
        Lair:4 |       0 |    4580 |   0.0 |       0 |      18 |   0.0 |   765
        Lair:5 |       0 |    9112 |   0.0 |       0 |      36 |   0.0 |  2109
        Lair:6 |       0 |   24785 |   0.0 |       0 |      62 |   0.0 |  1420
         Orc:1 |       0 |    4997 |   0.0 |       0 |      25 |   0.0 |   670
         Orc:2 |       0 |   13972 |   0.0 |       0 |      72 |   0.0 |  1260
       Volcano |       0 |    4469 |   0.0 |       0 |      21 |   0.0 |   378
               +---------+---------+-------+---------+---------+-------+---------
